 Dungeon Crawl Stone Soup version 0.30-a0-371-gad7725a93e (webtiles) character file.

Game seed: 17920218400228048417

98474 sesu the Severer (level 15, -6/216 HPs)
             Began as a Minotaur Berserker on Nov 4, 2020.
             Was a High Priest of Trog.
             Mangled by a spriggan rider
             ... wielding a +0 spear
              (10 damage)
             ... on level 2 of the Swamp on Nov 21, 2022.
             The game lasted 03:05:23 (36074 turns).

sesu the Severer (Minotaur Berserker)              Turns: 36074, Time: 03:05:24

Health: -6/216     AC: 21    Str: 21    XL:     15   Next: 75%
Magic:  14/14      EV: 10    Int:  4    God:    Trog [*****.]
Gold:   2027       SH: 24    Dex: 22    Spells: 14/14 levels left

rFire   . . .      SeeInvis .    z - +7 war axe "Xism" {vorpal, rN+ Dex+5}
rCold   . . .      Faith    .    q - +2 tower shield
rNeg    + . .      Spirit   .    R - +0 plate armour
rPois   +          Reflect  .    (helmet restricted)
rElec   .          Harm     .    F - +0 cloak {Will+}
rCorr   +          Rampage  .    (no gloves)
Will    ++...                    o - +1 pair of boots
Stlth   ..........               (no amulet)
HPRegen 0.56/turn                l - ring of poison resistance
MPRegen 0.14/turn                I - ring of resist corrosion

@: berserking (expiring), lethally poisoned (-6 -> -16), studying Fighting,
quick
A: horns 2, retaliatory headbutt
a: Renounce Religion, Berserk, Trog's Hand, Brothers in Arms


You were on level 2 of the Swamp.
You worshipped Trog.
Trog was extremely pleased with you.
You visited 5 branches of the dungeon, and saw 26 of its levels.
You also visited: Sewer.

You collected 2259 gold pieces.
You spent 232 gold pieces at shops.

Inventory:

Hand Weapons
 a - a +5 vorpal war axe
 b - a +2 war axe of flaming
 z - the +7 war axe "Xism" (weapon) {vorpal, rN+ Dex+5}
   (Trog gifted it to you on level 1 of the Swamp)

   It inflicts extra damage upon your enemies.
   Dex:       It affects your dexterity (+5).
   rN:        It protects you from negative energy.
 P - a +4 vorpal battleaxe
Missiles
 d - 3 throwing nets (quivered)
 g - 752 stones
 j - 8 javelins
Armour
 m - a +2 ring mail of fire resistance
 o - a +1 pair of boots (worn)
 q - a +2 tower shield (worn)
 D - +0 acid dragon scales
 F - a +0 cloak of willpower (worn)
 R - a +0 plate armour (worn)
Jewellery
 i - a +4 ring of protection
 l - a ring of poison resistance (left hand)
 w - a +6 ring of dexterity
 y - a ring of willpower
 G - a ring of see invisible
 I - a ring of resist corrosion (right hand)
Wands
 t - a wand of paralysis (7)
 B - a wand of flame (35)
 H - a wand of acid (28)
 M - a wand of iceblast (18)
 N - a wand of quicksilver (4)
 O - a wand of polymorph (14)
 T - a wand of charming (7)
 W - a wand of mindburst (14)
Scrolls
 c - a scroll of torment {unknown}
 e - a scroll of enchant weapon
 h - 4 scrolls of fear {unknown}
 p - 2 scrolls of brand weapon {unknown}
 r - a scroll of amnesia {unknown}
 s - 3 scrolls of blinking
 u - 14 scrolls of teleportation
 v - 3 scrolls of enchant armour
 C - a scroll of summoning
 J - 2 scrolls of magic mapping
 K - 2 scrolls of holy word
 U - 4 scrolls of identify
Potions
 f - 22 potions of curing
 k - 2 potions of might
 n - 2 potions of berserk rage
 x - 2 potions of cancellation
 A - 7 potions of magic
 E - 6 potions of flight
 L - 3 potions of attraction
 Q - 2 potions of ambrosia
 S - 2 potions of heal wounds
 V - a potion of invisibility


   Skills:
 + Level 16.0 Fighting
 - Level 18.7 Axes
 + Level 15.5 Armour
 + Level 7.8 Dodging
 * Level 17.0 Shields


You had 14 spell levels left.
You didn't know any spells.
Your spell library was empty.

Dungeon Overview and Level Annotations

Branches:
Dungeon (15/15)            Temple (1/1) D:6            Lair (6/6) D:9
  Swamp (2/4) Lair:2        Snake (0/4) Lair:3        Slime (0/5) Lair:5
    Orc (2/2) D:12            Elf (0/3) Orc:2        Vaults (0/5) D:13
 Depths (0/5) D:15          Sewer (visited)

Altars:
Ashenzari
Cheibriados
Dithmenos
Elyvilon
Fedhas
Gozag
Hepliaklqana
Kikubaaqudgha
Makhleb
Nemelex Xobeh
Okawaru
Qazlal
Ru
Sif Muna
Trog
Uskayaw
Vehumet
Wu Jian
Xom
Yredelemnul
Zin
The Shining One

Shops:
D:4 !*   D:10 !   D:14 x   Orc:2 :[(*[

Annotations:
Lair:1 exclusion: oklob plant
Lair:6 exclusion: oklob plant
Swamp:1 Roxanne
Swamp:2 Aizul


Innate Abilities, Weirdness & Mutations

You have a pair of horns on your head.
You reflexively headbutt those who attack you in melee.


Message History

Aizul is almost dead.
You feel very sick. Aizul casts a spell at you. The poison arrow hits you!
You are more poisoned.
You partially resist.
* * * LOW HITPOINT WARNING * * *
You closely miss Aizul. Your headbutt misses Aizul.
Aizul is almost dead.
You feel very sick. You block the spriggan rider's attack.
Aizul coils herself and waves her upper body at you.
The bolt of poison hits you! You resist.
* * * LOW HITPOINT WARNING * * *
You barely miss Aizul. Your headbutt misses Aizul.
Aizul is almost dead.
* * * LOW HITPOINT WARNING * * *
You feel very sick.
Aizul says, "I wasn't actually sleeping!"
Aizul hits you.
* * * LOW HITPOINT WARNING * * *
You block the spriggan rider's attack.
Your unstable footing causes you to fumble your attack.
* * * LOW HITPOINT WARNING * * *
You feel very sick.
You barely miss Aizul. Your headbutt misses Aizul.
Aizul is almost dead.
* * * LOW HITPOINT WARNING * * *
You feel sick. Aizul hits you but does no damage.
You block the spriggan rider's attack.
You completely miss Aizul.
Aizul is almost dead.
* * * LOW HITPOINT WARNING * * *
You feel very sick. Aizul hits you but does no damage.
Your unstable footing causes you to fumble your attack.
* * * LOW HITPOINT WARNING * * *
You feel sick. You block Aizul's attack.
The spriggan rider hits you from afar with a +0 spear!
You die...

..§~~~~~.)~~~..~..~.
♣....).~~.>....♣~~~~~
~§.~~.~/~~~~~~~~~..♣
~♣..~~~..~~..~~~~.♣
..~...~♣~~~~♣~~.~♣
~~~~§.~~~.....~~♣
~§~~~.~~.~~♣~..♣♣
~.~..~~~♣...~~~♣ ..♣
.~~~~.~@†.♣♣~.♣♣ ♣..♣
~~♣~~~S~♣.♣.~.♣♣ ♣..♣
♣~~i~.~♣♣.~~.♣ ♣~.♣♣
.~~~~~~~.♣♣...♣♣♣♣♣♣~..♣
....?...♣♣.....♣♣~.♣~.♣♣
~~~~~~~.♣.§.♣~~♣.~..~.~♣
.♣~~.~~♣♣♣~.♣.~÷....~~..
~~~.~. ♣.♣.~..[....~..
~♣~.~♣ ~~.~♣.♣♣......^.


You could see Aizul and a spriggan rider.

Vanquished Creatures
  An orc warlord (Orc:2)
  Louise (D:14)
  A fenstrider witch (Swamp:2)
  Nessos (Orc:2)
  2 entropy weavers (Lair:4)
  Azrael (D:15)
  Josephine (D:11)
  A rakshasa (D:15)
  A boulder beetle (D:14)
  A hydra (Lair:6)
  3 two-headed ogres
  A removed queen ant (Lair:4)
  The ghost of mhtbhm the Cleaver, a journeyman MiBe of Trog (Orc:2)
  5 tengu warriors
  A satyr (shapeshifter) (D:15)
  Urug (D:13)
  3 death yaks (Lair:6)
  A ghost crab (Swamp:2)
  3 alligators (Swamp:2)
  An orc high priest (Orc:2)
  Nergalle (Lair:1)
  2 goliath frogs
  A sea snake (Lair:6)
  A glowing orange brain (D:15)
  A bog body (Swamp:2)
  2 wizards
  A swamp dragon (Swamp:1)
  Pikel (D:4)
  A harpy (Lair:6)
  3 orc knights
  A wolf spider zombie (D:15)
  A deep elf pyromancer (D:13)
  2 cyclopes
  2 orc sorcerers (Orc:2)
  3 ugly things (D:15)
  4 manticores
  13 elephants
  Psyche (D:9)
  4 black mambas
  2 centaur zombies
  2 gargoyles
  14 cane toads
  3 rime drakes
  A freezing wraith (D:14)
  5 yaktaurs (D:15)
  17 komodo dragons
  Maggie (D:6)
  An efreet (D:14)
  3 polar bears (Lair:6)
  8 trolls
  3 meliai (D:13)
  2 tengu conjurers
  A queen bee (shapeshifter) (D:15)
  A wind drake (Lair:6)
  9 tyrant leeches
  4 hornets
  10 slime creatures
  4 dream sheep (Lair:6)
  16 blink frogs
  Sigmund (D:4)
  A centaur simulacrum (D:14)
  A spriggan (Swamp:1)
  3 wraiths (D:11)
  9 wyverns
  A water elemental (D:13)
  5 basilisks
  A yak (shapeshifter) (D:15)
  44 yaks
  4 fire elementals (D:15)
  9 vampire mosquitoes
  6 nagas (Lair:3)
  5 insubstantial wisps (Lair:2)
  3 swamp worms
  17 removed soldier ants (Lair:4)
  A hell hound (D:15)
  13 water moccasins
  2 black bears
  A removed eye of draining (D:11)
  Duvessa (D:6)
  4 sky beasts
  37 orc warriors
  2 phantoms
  5 ice beasts
  A necrophage (D:10)
  10 ogres
  6 centaurs
  21 wolves
  A lemure (D:4)
  2 kobold brigands
  15 bullfrogs
  2 gnoll sergeants
  A wyvern zombie (D:6)
  7 scorpions
  Dowan (D:6)
  19 killer bees
  17 wights
  A howler monkey (D:7)
  4 electric eels
  A quasit (D:7)
  18 orc priests
  3 jellies
  Crazy Yiuf (D:6)
  A bullfrog zombie (D:8)
  12 hounds
  4 centaur skeletons
  32 orc wizards
  4 bullfrog skeletons
  4 iguanas
  28 removed worker ants
  A hound zombie (D:8)
  2 hound skeletons
  A removed worker ant zombie (D:5)
  24 gnolls
  2 river rats
  11 adders
  3 shadow imps
  2 white imps
  5 ufetubi
  4 endoplasms
  2 adder zombies
  An adder skeleton (D:6)
  A worm (D:7)
  A dart slug (D:2)
  106 orcs
  7 removed leopard geckos
  9 giant cockroaches
  2 goblins
  13 hobgoblins
  19 jackals
  5 quokkas
  4 ball pythons
  7 bats
  6 frilled lizards
  12 kobolds
  A quokka skeleton (D:7)
  16 rats
  A removed leopard gecko zombie (D:5)
  A bush (Lair:6)
844 creatures vanquished.

Vanquished Creatures (collateral kills)
  An orc warlord (Orc:2)
  2 hydras (Lair:4)
  Fannar (D:11)
  A merfolk avatar (Lair:6)
  A black mamba (Lair:6)
  A rime drake (Lair:6)
  A komodo dragon (Lair:6)
  A wyvern (Lair:6)
  A scorpion (D:11)
  3 wights (D:11)
13 creatures vanquished.

Vanquished Creatures (others)
  A blink frog (Lair:6)
  A butterfly (Lair:5)
  46 fungi
  111 plants
  18 toadstools (Lair:1)
177 creatures vanquished.

Grand Total: 1034 creatures vanquished

Notes
Turn   | Place    | Note
-------+----------+-------------------------------------------
     0 | D:1      | sesu the Minotaur Berserker began the quest for the Orb.
     0 | D:1      | Reached XP level 1. HP: 19/19 MP: 0/0
   378 | D:1      | Reached XP level 2. HP: 24/27 MP: 1/1
   384 | D:1      | Reached skill level 4 in Axes
   986 | D:1      | Reached ** piety under Trog
   986 | D:1      | Reached XP level 3. HP: 33/33 MP: 2/2
  1903 | D:2      | Reached skill level 1 in Shields
  2138 | D:3      | Reached XP level 4. HP: 40/40 MP: 3/3
  2421 | D:3      | Noticed a big kobold
  2429 | D:3      | Killed a big kobold
  2429 | D:3      | Reached skill level 5 in Axes
  2429 | D:3      | Reached XP level 5. HP: 46/47 MP: 4/4
  2525 | D:3      | Found a shadowy altar of Dithmenos.
  2525 | D:3      | Found a hide-covered altar of Uskayaw.
  2648 | D:3      | Found a stormy altar of Qazlal.
  2650 | D:3      | Noticed a water elemental
  2650 | D:3      | Noticed a fire elemental
  2650 | D:3      | Noticed an air elemental
  2712 | D:3      | Found an ornate altar of the Wu Jian Council.
  3102 | D:4      | Noticed Pikel
  3102 | D:4      | Noticed a lemure
  3102 | D:4      | Noticed a lemure
  3102 | D:4      | Noticed a lemure
  3110 | D:4      | Noticed a lemure
  3111 | D:4      | Killed a lemure
  3117 | D:4      | Killed Pikel
  3117 | D:4      | Reached skill level 5 in Fighting
  3117 | D:4      | Reached skill level 7 in Axes
  3117 | D:4      | Reached XP level 6. HP: 56/56 MP: 5/5
  3117 | D:4      | Reached XP level 7. HP: 61/61 MP: 6/6
  3177 | D:4      | Found a shimmering altar of Xom.
  3185 | D:4      | Reached skill level 5 in Armour
  3335 | D:4      | Found Gozag's Platinum Reserve.
  3347 | D:4      | Reached *** piety under Trog
  3476 | D:4      | Found Somnoezo's Distillery.
  3480 | D:4      | Bought a potion of curing for 39 gold pieces
  3480 | D:4      | Bought a potion of curing for 39 gold pieces
  3582 | D:4      | Noticed Sigmund
  3595 | D:4      | Killed Sigmund
  3595 | D:4      | Reached skill level 8 in Axes
  3595 | D:4      | Reached XP level 8. HP: 57/70 MP: 7/7
  3794 | D:4      | Found a glowing golden altar of the Shining One.
  3902 | D:4      | Found an opulent altar of Gozag.
  4094 | D:5      | Entered Level 5 of the Dungeon
  4108 | D:5      | Found a glowing drain.
  4157 | Sewer    | Entered a sewer
  4338 | Sewer    | Found a white marble altar of Elyvilon.
  4436 | D:5      | Reached skill level 5 in Shields
  4720 | D:5      | Reached skill level 9 in Axes
  4766 | D:5      | Reached **** piety under Trog
  5398 | D:6      | Reached XP level 9. HP: 64/79 MP: 8/8
  5472 | D:6      | Noticed Maggie
  5485 | D:6      | Killed Maggie
  5532 | D:6      | Reached skill level 10 in Axes
  5661 | D:6      | Found a broken altar of Ashenzari.
  5851 | D:6      | Found a staircase to the Ecumenical Temple.
  5926 | D:6      | Noticed Duvessa
  5926 | D:6      | Noticed Dowan
  5931 | D:6      | Killed Dowan
  5935 | D:6      | Killed Duvessa
  6058 | D:6      | Found a runed translucent door.
  6059 | D:6      | Noticed Crazy Yiuf
  6068 | D:6      | Killed Crazy Yiuf
  6639 | D:7      | Noticed a moth of wrath
  6643 | D:7      | Found a bloodstained altar of Trog.
  6764 | D:7      | Reached skill level 11 in Axes
  6909 | D:7      | Found an iron altar of Okawaru.
  6916 | D:7      | Reached ***** piety under Trog
  7309 | Temple   | Entered the Ecumenical Temple
  7960 | D:7      | Reached XP level 10. HP: 90/90 MP: 9/9
  8894 | D:8      | Found a white marble altar of Elyvilon.
  9230 | D:8      | Found a hazy altar of Hepliaklqana.
  9643 | D:8      | Reached skill level 12 in Axes
  9783 | D:9      | Found a staircase to the Lair.
 10842 | D:9      | Found a broken altar of Ashenzari.
 10853 | D:9      | Found a radiant altar of Vehumet.
 10854 | D:9      | Found a shimmering blue altar of Sif Muna.
 11157 | D:9      | Noticed Psyche
 11164 | Lair:1   | Entered Level 1 of the Lair of Beasts
 11208 | D:9      | Killed Psyche
 11680 | D:9      | Noticed a two-headed ogre
 11690 | D:9      | Killed a two-headed ogre
 11958 | D:10     | Entered Level 10 of the Dungeon
 12056 | D:10     | Reached XP level 11. HP: 99/99 MP: 10/10
 12310 | D:10     | Found Kirue's Distillery.
 12320 | D:10     | Bought a potion of curing for 33 gold pieces
 12320 | D:10     | Bought a potion of curing for 33 gold pieces
 12320 | D:10     | Bought a potion of curing for 33 gold pieces
 12320 | D:10     | Bought a potion of heal wounds for 55 gold pieces
 12442 | D:10     | Reached skill level 13 in Axes
 12587 | D:10     | Noticed a two-headed ogre
 12611 | D:10     | Killed a two-headed ogre
 12611 | D:10     | Reached skill level 10 in Fighting
 13005 | D:11     | Found a frozen archway.
 13092 | D:11     | Noticed Fannar
 13092 | D:11     | Noticed Josephine
 13108 | D:11     | Reached skill level 10 in Armour
 13111 | D:11     | Killed Josephine
 13117 | D:11     | Received a gift from Trog
 13144 | D:11     | Killed Fannar
 13601 | Lair:1   | Noticed Nergalle
 13615 | Lair:1   | Killed Nergalle
 13615 | Lair:1   | Reached skill level 14 in Axes
 13693 | Lair:1   | Reached skill level 10 in Shields
 13978 | Lair:1   | Found a blossoming altar of Fedhas.
 13992 | Lair:1   | Noticed an oklob plant
 14174 | Lair:1   | Reached XP level 12. HP: 91/110 MP: 11/11
 15288 | Lair:2   | Found a staircase to the Swamp.
 15340 | Lair:2   | Reached skill level 15 in Axes
 16781 | Lair:2   | Received a gift from Trog
 17520 | Lair:3   | Found a staircase to the Snake Pit.
 18654 | Lair:3   | Reached skill level 16 in Axes
 18770 | Lair:4   | Noticed an eight-headed hydra
 18807 | Lair:4   | Killed a ten-headed hydra
 19214 | Lair:4   | Reached XP level 13. HP: 83/118 MP: 12/12
 19998 | Lair:4   | Noticed an entropy weaver
 20017 | Lair:4   | Killed an entropy weaver
 20030 | Lair:4   | Noticed an entropy weaver
 20121 | Lair:4   | Killed an entropy weaver
 21124 | Lair:4   | Reached skill level 17 in Axes
 21856 | Lair:5   | You fall into a shaft and drop 1 floor!
 21856 | Lair:6   | Entered Level 6 of the Lair of Beasts
 22537 | Lair:6   | Reached XP level 14. HP: 50/129 MP: 13/13
 23063 | Lair:5   | Found a staircase to the Slime Pits.
 23800 | Lair:6   | Received a gift from Trog
 25472 | D:12     | Found a staircase to the Orcish Mines.
 25653 | D:12     | You fall into a shaft and drop 2 floors!
 26258 | D:14     | Found a white marble altar of Elyvilon.
 27588 | D:13     | Noticed Urug
 27599 | D:13     | Killed Urug
 27599 | D:13     | Reached skill level 5 in Dodging
 27612 | D:13     | Found a gate to the Vaults.
 28125 | D:14     | Found Geegiv's Gadget Shop.
 28178 | D:14     | Noticed Louise
 28198 | D:14     | Killed Louise
 28723 | D:15     | Entered Level 15 of the Dungeon
 28871 | D:15     | Found a shadowy altar of Dithmenos.
 29349 | D:15     | Noticed Azrael
 29367 | D:15     | Killed Azrael
 29627 | D:15     | Reached XP level 15. HP: 139/139 MP: 14/14
 30160 | D:15     | Reached skill level 15 in Shields
 30470 | D:15     | Found a staircase to the Depths.
 30776 | Orc:1    | Entered Level 1 of the Orcish Mines
 31236 | Orc:2    | Entered Level 2 of the Orcish Mines
 31594 | Orc:2    | Found Zamaocruzyn's Armour Shoppe.
 31633 | Orc:2    | Found a staircase to the Elven Halls.
 31639 | Orc:2    | Found a transporter.
 31841 | Orc:2    | Noticed mhtbhm's ghost (journeyman MiBe)
 31864 | Orc:2    | Found a transporter.
 31891 | Orc:2    | Found a roughly hewn altar of Beogh.
 32068 | Orc:2    | Found a roughly hewn altar of Beogh.
 32090 | Orc:2    | Found Kierph's General Store.
 32196 | Orc:2    | Received a gift from Trog
 32197 | Orc:2    | Noticed an orc warlord
 32222 | Orc:2    | Killed an orc warlord
 33102 | Orc:2    | Noticed Nessos
 33122 | Orc:2    | Killed Nessos
 33273 | Orc:2    | Paralysed by an orc sorcerer for 5 turns
 33691 | Orc:2    | Found Duobaly's Antique Armour Shop.
 33694 | Orc:2    | Found a roughly hewn altar of Beogh.
 33697 | Orc:2    | Found Suwymig's Antique Weapon Boutique.
 33866 | Orc:2    | Noticed an orc warlord
 33881 | Orc:2    | Killed an orc warlord
 34065 | Orc:2    | Found a roughly hewn altar of Beogh.
 34088 | Orc:2    | Found Xexeyqit's Book Shoppe.
 34118 | Orc:2    | Found a roughly hewn altar of Beogh.
 34231 | Orc:2    | Found a roughly hewn altar of Beogh.
 34349 | Orc:2    | Reached skill level 15 in Fighting
 34349 | Orc:2    | Reached skill level 18 in Axes
 34349 | Orc:2    | Reached skill level 15 in Armour
 34349 | Orc:2    | Upgraded the game from 0.26-a0-737-g4e9f4955e2 to
                  | 0.30-a0-371-gad7725a93e
 34398 | Orc:2    | Killed mhtbhm's ghost
 34778 | Swamp:1  | Entered Level 1 of the Swamp
 34801 | Swamp:1  | Identified the +7 war axe "Xism" {vorpal, rN+ Dex+5} (Trog
                  | gifted it to you on level 1 of the Swamp)
 34801 | Swamp:1  | Received a gift from Trog
 34886 | Swamp:1  | Found an iron altar of Okawaru.
 35418 | Swamp:1  | Identified Roxanne's Omnibus of the Ground
 35418 | Swamp:1  | Noticed Roxanne
 35630 | Swamp:2  | Noticed a fenstrider witch
 35653 | Swamp:2  | Killed a fenstrider witch
 36048 | Swamp:2  | Noticed Aizul
 36071 | Swamp:2  | HP: 9/216 [poisoned by Aizul (poison arrow)]
 36074 | Swamp:2  | HP: 4/216 [poisoned by Aizul (poison arrow)]
 36074 | Swamp:2  | Mangled by a spriggan rider

Illustrated notes

Levels and vault maps discovered:
D:1:      psy_arrival_fountain, layout_basic, chequers_mini_garden
D:2:      minmay_angry_zag, layout_basic, serial_forest,
          infiniplex_forest_corner_1, infiniplex_forest_zigzag_1,
          infiniplex_forest_lined_room_3, infiniplex_forest_clump_long,
          infiniplex_forest_clump_long, infiniplex_forest_straight_3,
          infiniplex_forest_lined_2, infiniplex_forest_clump_diagonal,
          infiniplex_forest_lined_ring
D:3:      cheibrodos_thug_alley, layout_rooms, lemuel_doored_altar,
          nicolae_qazlal_style_of_elements,
          chequers_temple_overflow_statue_of_worship, st_stairs_3,
          kennysheep_generic_room_12
D:4:      layout_loops_ring, nicolae_overflow_crystal_walls,
          nicolae_gozag_zags_fifth_avenue, serial_shops, kennysheep_mini,
          nicolae_tso_carved_into_rock, uniq_pikel, uniq_sigmund
D:5:      layout_basic, portal_sewer_entry_a
D:6:      layout_gridville, minmay_temple_entry_wispy, evilmike_ruin_ashenzari,
          uniq_maggie, uniq_crazy_yiuf_cottage, uniq_duvessa
D:7:      layout_basic, tgw_trog, okawaru_metal_pillars_1_2,
          minmay_misc_feat_pillars, zaba_anthole, lemuel_another_geyser
D:8:      wander_river, layout_rooms, kennysheep_mini_moat, old_standard_altar
D:9:      layout_gridville, minitemple, erik_lair_island, uniq_psyche
D:10:     layout_basic, serial_shops, nicolae_shop_statue_plus
D:11:     layout_cave_pools, serial_shops, shop_statue, kennysheep_little_box,
          nicolae_shop_stone, shop, nicolae_shop_crystal,
          gammafunk_ghost_hydra_chop, portal_ice_cave_entry_pillars_2,
          lightli_church_of_beogh, uniq_fannar, uniq_josephine
D:12:     layout_cave_pools, orc_0_dummy
D:13:     layout_basic, uniq_urug
D:14:     layout_basic, serial_shops, shop, infiniplex_staircase_door_maze,
          elyvilon_altar_3, uniq_louise
D:15:     gammafunk_enter_depths_forms, layout_layer_cave,
          nicolae_dithmenos_through_a_glass_darkly, uniq_azrael
Temple:   jpeg_temple_island
Lair:1:   beast_lair_carwin_large_2, layout_hall_layers, fungi_pond_lemuel,
          tgw_fedhas, uniq_nergalle
Lair:2:   layout_cellular_growth, minmay_swamp_entry_wisps,
          gauntlet_entry_generic
Lair:3:   layout_long_grid, minmay_snake_entry_guardpost_medium,
          chequers_serial_rivers_small_3
Lair:4:   layout_roguey, zaba_antful_of_joy
Lair:5:   layout_roguey, nicolae_slime_entry_slimehenge, grunt_megastairs_3,
          lemuel_fruit_fields
Lair:6:   gammafunk_lair_ancient_temple, layout_small_grid, lemuel_fruit_tree
Swamp:1:  layout_basic_swamp, nicolae_swamp_godswood, swamp_pool3, uniq_roxanne
Swamp:2:  layout_falls_marsh, evilmike_swamp_ruin_house_4, swamp_pool5,
          infiniplex_staircase_pool, uniq_frances, uniq_aizul
Orc:1:    layout_diamond_mine, nicolae_orc_tapped_out
Orc:2:    grunt_orc_community_town_hall, layout_caves,
          grunt_orc_community_big_house_1, grunt_orc_community_big_house_2,
          grunt_orc_community_house_1, grunt_orc_community_house_1,
          grunt_orc_community_house_1, grunt_orc_community_house_1,
          grunt_orc_community_house_3, grunt_orc_community_house_1,
          gammafunk_ghost_arena, serial_shops, shop, minmay_orc_barracks,
          uniq_nessos

Skill      XL: |  1  2  3  4  5  6  7  8  9 10 11 12 13 14 15 |
---------------+----------------------------------------------+-----
Axes           | 4 5 7 8 9 11 12 14 16 17 18 | 18.7
Fighting       | 4 5 6 7 8 9 11 12 13 14 16 | 16.0
Armour         | 3 4 5 6 8 9 10 12 13 14 15 | 15.5
Shields        | 1 2 3 4 5 7 8 10 11 12 14 17 | 17.0
Dodging        | 5 7 |  7.8

Action                   |  1- 3 |  4- 6 |  7- 9 | 10-12 | 13-15 || total
-------------------------+-------+-------+-------+-------+-------++-------
Melee: Hand axe          |    95 |    75 |    35 |       |       ||   205
       Headbutt          |     5 |    19 |    81 |   211 |   415 ||   731
       War axe           |       |       |   331 |   891 |  1492 ||  2714
Throw: Stone             |       |       |     5 |       |       ||     5
       Javelin           |       |       |       |     4 |       ||     4
Invok: Berserk           |     1 |     2 |     7 |    13 |    18 ||    41
       Trog's Hand       |     1 |     1 |     5 |     5 |     5 ||    17
       Brothers in Arms  |       |       |       |     2 |     3 ||     5
Evoke: Wand              |       |       |       |     5 |     1 ||     6
  Use: Scroll            |     3 |     2 |    10 |     5 |    10 ||    30
       Potion            |       |       |     1 |     3 |    10 ||    14
Armor: Animal skin       |    24 |       |       |       |       ||    24
       Ring mail         |       |    11 |    37 |       |       ||    48
       Scale mail        |       |       |     1 |       |       ||     1
       Plate armour      |       |       |    65 |   395 |   439 ||   899
       Skin              |       |       |    42 |     3 |       ||    45
       Acid dragon scale |       |       |     1 |       |       ||     1
Dodge: Dodged            |    50 |    13 |    57 |   112 |   192 ||   424
Block: Kite shield       |    17 |     5 |       |       |       ||    22
       Tower shield      |       |    29 |   296 |   879 |  1395 ||  2599

Table legend: (Time is in decaauts)
 A = Elapsed time spent in this place.
 B = Non-inter-level travel time spent in this place.
 C = Inter-level travel time spent in this place.
 D = Time resting spent in this place.
 E = Time spent auto-exploring this place.
 F = Levels seen in this place.
 G = Mean time per level.
                   A        B        C        D        E       F      G
               +--------+--------+--------+--------+--------+-----+--------+
         Total |  36383 |  35176 |   1207 |  15104 |  12699 |  27 | 1347.5 |
       Dungeon |  18987 |  18269 |    718 |   7341 |   7125 |  15 | 1265.8 |
        Temple |    270 |    239 |     31 |      0 |    238 |   1 |  270.0 |
          Lair |  11837 |  11518 |    319 |   5822 |   3613 |   6 | 1972.8 |
         Swamp |   1349 |   1318 |     31 |    399 |    631 |   2 |  674.5 |
  Orcish Mines |   3678 |   3571 |    107 |   1468 |    994 |   2 | 1839.0 |
         Sewer |    260 |    260 |      0 |     73 |     97 |   1 |  260.0 |
               +--------+--------+--------+--------+--------+-----+--------+

Top non-repeatable levels by time:
  Lair:4: 2821 daAuts
  Lair:6: 2782 daAuts
   Orc:2: 2535 daAuts
     D:7: 2413 daAuts
  Lair:2: 1964 daAuts
    D:14: 1874 daAuts
    D:15: 1787 daAuts
     D:9: 1770 daAuts
  Lair:1: 1763 daAuts
     D:8: 1750 daAuts
  Lair:3: 1475 daAuts
     D:1: 1153 daAuts
    D:13: 1151 daAuts
   Orc:1: 1143 daAuts
     D:4: 1096 daAuts
